 Dungeon Crawl Stone Soup version 0.26.0-10-g1f06aea511 (webtiles) character file.

Game seed: 8561425498164344433

247 trckry the Ruffian (level 5, -3/40 HPs)
             Began as a Draconian Transmuter on Jan 13, 2021.
             Slain by a phantom (9 damage)
             ... on level 4 of the Dungeon.
             The game lasted 00:07:57 (4615 turns).

trckry the Ruffian (Draconian Transmuter)           Turns: 4615, Time: 00:07:58

Health: -3/40      AC:  5    Str: 13    XL:     5   Next: 85%
Magic:  8/8        EV: 12    Int: 14    God:
Gold:   44         SH:  0    Dex: 11    Spells: 7/8 levels left

rFire    . . .     SeeInvis .     - Unarmed
rCold    . . .     Faith    .   (no shield)
rNeg     . . .     Spirit   .   (armour unavailable)
rPois    .         Reflect  .   (helmet restricted)
rElec    .         Harm     .   (no cloak)
rCorr    .         Rampage  .   (no gloves)
Will     .....                  (no boots)
Stlth    +.........             (no amulet)
HPRegen  0.13/turn              k - ring of flight
MPRegen  0.11/turn              (no ring)

@: no status effects
A: unfitting armour, cold-blooded, AC +5
a: Evoke Flight


You were on level 4 of the Dungeon.
You visited 1 branch of the dungeon, and saw 4 of its levels.

You collected 148 gold pieces.
You spent 104 gold pieces at shops.

Inventory:

Missiles
 p - 9 poisoned darts
Armour
 e - a +2 kite shield
Jewellery
 k - a ring of flight (left hand)
 o - a cursed ring of teleportation {unknown}
Scrolls
 a - a scroll of blinking {unknown}
 b - 2 scrolls of teleportation {unknown}
 d - 3 scrolls of remove curse {unknown}
 f - a scroll of fear {unknown}
 h - 3 scrolls of identify {unknown}
 i - a scroll of noise {unknown}
 j - a scroll of amnesia {unknown}
 m - 2 scrolls of enchant armour {unknown}
Potions
 c - a potion of brilliance {unknown}
 g - 2 potions of curing
 l - a potion of haste {unknown}
 n - a potion of attraction {unknown}
 q - a potion of heal wounds


   Skills:
 - Level 1.1 Fighting
 - Level 1.7 Dodging
 + Level 2.0 Shields
 * Level 4.6 Unarmed Combat
 - Level 2.0 Spellcasting
 * Level 4.1 Transmutations
 + Level 1.3 Evocations


You had 7 spell levels left.
You knew the following spells:

 Your Spells              Type           Power        Failure   Level
a - Beastly Appendage     Tmut           24%          4%          1

Your spell library contained the following spells:

 Spells                   Type           Power        Failure   Level
 Wereblood                Tmut           12%          7%          2
 Spider Form              Tmut/Pois      3%           30%         3
 Ice Form                 Ice/Tmut       7%           71%         4
 Blade Hands              Tmut           6%           77%         5


Dungeon Overview and Level Annotations

Branches:
Dungeon (4/15)
 Temple: D:4-7

Altars:
Elyvilon
Fedhas
Hepliaklqana
Yredelemnul

Shops:
D:4 !

Annotations:
D:2 1 runed translucent door, Crazy Yiuf


Innate Abilities, Weirdness & Mutations

Your plain brown scales are hard. (AC +5)
You cannot fit into any form of body armour.
You are cold-blooded and may be slowed by cold attacks.


Message History

You closely miss the phantom. Your kick misses the phantom.
Your headbutt misses the phantom. Your punch misses the phantom.
The phantom is severely damaged.
You hit the phantom but do no damage. You claw the phantom, but do no damage.
The phantom is severely damaged.
The phantom blinks!
You closely miss the phantom. Your kick misses the phantom.
Your tail-slap misses the phantom.
The phantom is severely damaged.
The phantom hits you!
* * * LOW HITPOINT WARNING * * *
The phantom blinks!
Your horns disappear.
Your talons disappear.
The phantom blinks!
A leopard gecko skeleton comes into view.
The phantom blinks!
The phantom blinks!
There is a stone staircase leading up here.
The phantom hits you!
You die...

#.. #.......#
#...####.......###
.......#.........########
.................'>.#...#
#.####.#.........##.....#
#Z#.........####...#.###
#.####.Z..).............
#. #......####.###.### #+
#..@.§.##.........
#..W..###.#.###.####
#.....# #.#......
#.....###.#####.####
#...................
#.####....#####.#..#
#.####........#.##.#
#....'.............#
########...####.∩.####


You could see a phantom and a leopard gecko skeleton.

Vanquished Creatures
  3 orc priests (D:3)
  5 adders
  An ooze (D:1)
  A worm (D:2)
  2 dart slugs
  5 leopard geckos
  6 orcs
  15 giant cockroaches
  4 goblins
  4 hobgoblins
  11 jackals
  2 quokkas
  2 ball pythons
  10 bats
  3 frilled lizards
  10 kobolds
  8 rats
92 creatures vanquished.

Vanquished Creatures (others)
  A plant (D:3)
1 creature vanquished.

Grand Total: 93 creatures vanquished

Notes
Turn   | Place    | Note
-------+----------+-------------------------------------------
     0 | D:1      | trckry the Draconian Transmuter began the quest for the
                  | Orb.
     0 | D:1      | Reached XP level 1. HP: 16/16 MP: 3/3
   154 | D:1      | Reached XP level 2. HP: 18/23 MP: 5/5
   674 | D:1      | Reached XP level 3. HP: 27/28 MP: 6/6
  1524 | D:2      | Reached skill level 1 in Shields
  1554 | D:2      | Reached XP level 4. HP: 35/35 MP: 7/7
  1722 | D:2      | Found a runed translucent door.
  1723 | D:2      | Noticed Crazy Yiuf
  1931 | D:2      | Found a basalt altar of Yredelemnul.
  2126 | D:2      | Found a white marble altar of Elyvilon.
  2304 | D:2      | Found a hazy altar of Hepliaklqana.
  2821 | D:3      | Found a blossoming altar of Fedhas.
  3192 | D:3      | Reached XP level 5. HP: 26/40 MP: 6/8
  3483 | D:3      | Reached skill level 1 in Evocations
  4192 | D:4      | Found Pusaagew's Distillery.
  4197 | D:4      | Bought a potion of heal wounds for 65 gold pieces
  4197 | D:4      | Bought a potion of curing for 39 gold pieces
  4264 | D:4      | Noticed a phantom
  4602 | D:4      | HP: 4/40 [phantom (9)]
  4615 | D:4      | Slain by a phantom

Illustrated notes

Levels and vault maps discovered:
D:1:      lemuel_arrival_broad_hall, layout_loops_corners
D:2:      minmay_roachtagon, layout_basic, kennysheep_ying_yang,
          nzn_hepliaklqana_mist_gate, uniq_crazy_yiuf_cottage
D:3:      layout_rooms, fedhas_altar_1
D:4:      layout_basic, nicolae_overflow_hidden_temple, serial_shops,
          nicolae_shop_stone, uniq_sigmund

Skill      XL: |  1  2  3  4  5 |
---------------+----------------+-----
Transmutations | 3 4 |  4.1
Shields        | 1 2 |  2.0
Unarmed Combat | 4 |  4.6
Evocations     | 1 |  1.3
Fighting       | |  1.1
Dodging        | |  1.7
Spellcasting   | |  2.0

Action                   |  1- 3 |  4- 6 || total
-------------------------+-------+-------++-------
Melee: Unarmed           |   165 |   184 ||   349
       Tailslap          |     8 |    14 ||    22
       Kick              |     6 |    25 ||    31
       Headbutt          |     2 |    17 ||    19
       Punch             |       |     2 ||     2
 Cast: Beastly Appendage |     6 |    24 ||    30
 Stab: Sleeping          |     2 |     1 ||     3
Armor: Skin              |    68 |    68 ||   136
Dodge: Dodged            |   119 |   128 ||   247
